 Seeded DCSS version 0.31-a0-675-g238779e (webtiles) character file.

Game seed: 7488981733002710792 (custom seed)

17 BarneyGumball the Shield-Bearer (level 2, -1/19 HPs)
             Began as a Gargoyle Fighter on Sept 5, 2023.
             Slain by an endoplasm (3 damage)
             ... on level 1 of the Dungeon.
             The game lasted 00:02:29 (629 turns).

BarneyGumball the Shield-Bearer (Gargoyle Fighter)   Turns: 629, Time: 00:02:30

Health: -1/19      AC:  9    Str: 19    XL:     2   Next: 62%
Magic:  2/2        EV:  9    Int:  8    God:
Gold:   47         SH:  4    Dex:  9    Spells: 1/1 levels left

rFire   . . .        h - +0 mace
rCold   . . .        c - +0 buckler
rNeg    + . .        b - +0 scale mail
rPois   ∞            (no helmet)
rElec   +            (no cloak)
rCorr   .            (no gloves)
SInv    .            (no boots)
Will    .....        (no amulet) Stlth
                     (no ring)
HPRegen 0.23/turn    (no ring)
MPRegen 0.08/turn

%: no passive effects
@: mighty
A: sickness immunity, AC +2, negative energy resistance 1, electricity
resistance, torment resistance 1, petrification resistance
a: no special abilities


You were on level 1 of the Dungeon.
You visited 1 branch of the dungeon, and saw 1 of its levels.

You collected 47 gold pieces.

Inventory:

Hand Weapons
 h - a +0 mace (weapon)
Armour
 b - a +0 scale mail (worn)
 c - a +0 buckler (worn)
Scrolls
 e - a scroll of poison {unknown}
 g - 3 scrolls of enchant armour {unknown}
 i - a scroll of identify {unknown}
Potions
 a - a potion of ambrosia {unknown}
 f - 2 potions of curing {unknown}
 j - a potion of enlightenment {unknown}


   Skills:
 - Level 3.2 Fighting
 - Level 1.7 Long Blades
 - Level 1.7(1.8) Axes
 + Level 0.7(1.4) Maces & Flails
 - Level 3.2 Armour
 - Level 3.2 Shields


You had one spell level left.
You didn't know any spells.
Your spell library was empty.

Dungeon Overview and Level Annotations

Branches:
Dungeon (1/15)

Altars:


Innate Abilities, Weirdness & Mutations

You are immune to sickness and miasma.
Your stone body is resilient. (AC +2)
You are immune to poison.
You resist negative energy. (rN+)
You are resistant to electric shocks. (rElec)
You are resistant to unholy torment.
You are immune to petrification.


Message History

Found a robe.
The bat misses you. The bat hits you but does no damage.
You block the bat's attack.
You sock the bat!
You kill the bat!
No target in view!
You now have 47 gold pieces (gained 14).
Found a ring mail.
You see here a +0 ring mail.
You see here a +0 chain mail.
An endoplasm comes into view.
A rat comes into view.
The rat moves out of view.
A bat comes into view.
The bat closely misses you. The bat hits you. The endoplasm freezes you.
You are frozen.
You hit the endoplasm but do no damage. The bat hits you but does no damage.
The endoplasm barely misses you. The rat bites you but does no damage.
The endoplasm freezes you.
You are frozen.
The rat closely misses you.
You hit the rat but do no damage. The rat bites you but does no damage.
You sock the rat!
You kill the rat!
The bat hits you but does no damage.
You hit the endoplasm.
The endoplasm is heavily wounded.
The endoplasm freezes you.
You are frozen.
The endoplasm freezes you.
You are frozen.
* * * LOW HITPOINT WARNING * * *
You hit the endoplasm but do no damage.
The endoplasm is heavily wounded.
The endoplasm hits you.
* * * LOW HITPOINT WARNING * * *
You feel very mighty all of a sudden. The endoplasm hits you.
You die...

####### #...... #########
#.####. #.......# #.##...
#.......# ##.##.#.
#.......###########...#.#.
#......bJ@..............#.
........######..###...###.
#.......# #..# ##.## #.
#.......# #..# #.####.
######### ##..####......
##.............
#.#....##.....#
##...#........#
##..#.##......


You could see an endoplasm and a bat.

Vanquished Creatures
  2 bats (D:1)
  2 endoplasms (D:1)
  A giant cockroach (D:1)
  A goblin (D:1)
  3 jackals (D:1)
  A quokka (D:1)
  A ball python (D:1)
  2 kobolds (D:1)
  2 rats (D:1)
15 creatures vanquished.

Notes
Turn   | Place    | Note
-------+----------+-------------------------------------------
     0 | D:1      | BarneyGumball the Gargoyle Fighter began the quest for the
                  | Orb.
     0 | D:1      | Reached XP level 1. HP: 14/14 MP: 1/1
   246 | D:1      | Reached skill level 1 in Axes
   262 | D:1      | Reached XP level 2. HP: 15/19 MP: 2/2
   629 | D:1      | Slain by an endoplasm

Illustrated notes

Levels and vault maps discovered:
D:1:      dpeg_arrival_yet_another_circle, layout_loops_ring, serial_forest,
          infiniplex_forest_clump_diagonal, infiniplex_forest_end_1,
          infiniplex_forest_lined_room_2, infiniplex_forest_clump_diagonal,
          infiniplex_forest_corner_1, infiniplex_forest_lined_3,
          infiniplex_forest_clump_small

Skill      XL: |  1 |
---------------+----+-----
Axes           | 1 |  1.7
Fighting       | |  3.2
Long Blades    | |  1.7
Maces & Flails | |  0.7
Armour         | |  3.2
Shields        | |  3.2

Action                     || total
---------------------------++-------
  Melee: Hand axe          ||    46
         Mace              ||    15
    Use: Potion            ||     1
 Armour: Scale mail        ||    45
  Dodge: Dodged            ||    35
  Block: Buckler           ||    15

Table legend: (Time is in decaauts)
 A = Elapsed time spent in this place.
 B = Non-inter-level travel time spent in this place.
 C = Inter-level travel time spent in this place.
 D = Time resting spent in this place.
 E = Time spent auto-exploring this place.
 F = Levels seen in this place.
 G = Mean time per level.
                   A        B        C        D        E       F      G
               +--------+--------+--------+--------+--------+-----+--------+
         Total |    646 |    646 |      0 |      0 |    505 |   1 |  646.0 |
       Dungeon |    646 |    646 |      0 |      0 |    505 |   1 |  646.0 |
               +--------+--------+--------+--------+--------+-----+--------+

Top non-repeatable levels by time:
     D:1: 646 daAuts
